Map: Ciudad Esmeralda EE

Players

Tarantula - Winner!

  • Race: Terran Terran
  • League: Silver
  • Spawn Location: 11:00

David - Winner!

  • Race: Terran Terran
  • League: Gold
  • Spawn Location: 11:00

MrFercho

  • Race: Zerg Zerg
  • League: Silver
  • Spawn Location: 5:00

TATORREA

  • Race: Protoss Protoss
  • League: Silver
  • Spawn Location: 5:00

VOD

Have the link to the VOD?

Description

Time

  • Played on: May 30, 2020, 8:15 p.m.
  • Length: 8:38
Show
View Real Time Build Order
Export as new Build Order

Tarantula Terran - Winner!

Build Orders:  

Get SALT Encoding   

  12  0:10  SCV  
  13  0:22  SCV  
  13  0:26  Supply Depot  
  14  0:34  Supply Depot, SCV  
  15  0:47  Refinery  
  15  0:50  Refinery  
  15  0:59  Barracks  
  15  1:04  SCV  
  16  1:34  SCV  
  17  1:41  Barracks  
  17  1:47  SCV  
  18  1:55  Marine  
  18  1:56  Factory  
  18  1:59  SCV  
  20  2:14  SCV  
  21  2:22  Marine  
  21  2:26  SCV  
  21  2:28  Marine  
  24  2:32  Supply Depot  
  24  2:40  Factory Tech Lab  
  24  2:45  Marine  
  24  2:46  Starport  
  24  2:47  Marine  
  24  2:50  SCV  
  27  3:02  Siege Tank  
  30  3:13  Marine x2  
  32  3:22  Supply Depot  
  32  3:24  Medivac  
  34  3:33  Marine x2  
  36  3:43  Siege Tank  
  39  3:49  SCV  
  39  3:52  Barracks Tech Lab  
  40  3:56  Medivac  
  42  4:03  Marine  
  42  4:07  Supply Depot  
  43  4:18  Combat Shield  
  43  4:19  Marine  
  44  4:37  Barracks Reactor  
  44  4:38  Marine  
  44  4:40  Orbital Command  
  44  4:42  Starport Tech Lab  
  45  4:49  Fusion Core  
  45  5:15  Marine x3  
  48  5:38  Supply Depot  
  48  5:53  Marine  
  48  5:54  Marine x2  
  50  6:33  Marine x3  
  44  6:50  Marine  
  44  7:06  Marine  
  44  7:08  Marine, Battlecruiser  
  50  7:34  Marine  
  50  7:35  Marine x2  
  48  7:52  Marine x2  
  48  7:53  Marine  
  51  8:09  SCV  
  52  8:15  Marine x2  
  54  8:21  SCV  
Show
View Real Time Build Order
Export as new Build Order

David Terran - Winner!

Build Orders:  

Get SALT Encoding   

  12  0:05  SCV  
  13  0:24  Supply Depot  
  13  0:25  SCV  
  14  0:36  Supply Depot  
  14  0:40  SCV  
  15  0:47  Refinery  
  15  0:52  SCV  
  15  0:55  Supply Depot  
  16  1:05  SCV  
  17  1:16  Barracks  
  17  1:17  SCV  
  18  1:29  SCV  
  19  1:37  Refinery  
  19  1:41  SCV  
  20  1:53  SCV  
  21  2:05  Barracks Reactor  
  21  2:14  Engineering Bay  
  21  2:17  SCV  
  22  2:29  SCV  
  23  2:33  Factory  
  23  2:42  Terran Infantry Weapons Level 1  
  23  2:47  Barracks  
  23  2:48  Marine x2  
  25  2:51  SCV  
  26  2:59  Supply Depot  
  26  3:03  SCV  
  27  3:07  Marine x2  
  29  3:20  Factory Tech Lab  
  29  3:27  Marine x2  
  31  3:42  Barracks Tech Lab  
  31  3:44  Supply Depot, Siege Tank  
  31  3:46  Marine x2  
  36  3:53  Orbital Command  
  36  4:01  Combat Shield  
  36  4:02  Marine  
  36  4:06  Marine x2  
  39  4:17  Siege Tank  
  42  4:24  Marine  
  42  4:25  Marine x2  
  45  4:36  Terran Infantry Armor Level 1  
  45  4:45  Marine x2  
  45  4:46  Marine  
  45  4:50  Siege Tank  
  51  5:04  Supply Depot  
  51  5:06  Marine x3  
  54  5:24  Marine  
  54  5:25  Marine x2  
  54  5:27  Siege Tank  
  60  5:35  Factory  
  60  6:16  Siege Tank  
  63  6:22  Supply Depot  
  63  6:23  Factory Tech Lab  
  63  6:54  Marine  
  63  7:05  Marine x2  
  61  7:11  Marine  
  58  7:17  Siege Tank  
  61  7:23  Marine x2  
  61  7:24  Supply Depot  
  63  7:35  Marine  
  62  7:46  Siege Tank  
  65  7:53  Marine  
Show
View Real Time Build Order
Export as new Build Order

MrFercho Zerg 

Build Orders: 3 Hatch before Pool 

Get SALT Encoding   

  12  0:02  Drone  
  13  0:09  Drone  
  14  0:26  Extractor  
  14  0:27  Drone  
  14  0:28  Extractor, Drone  
  16  1:06  Overlord x2  
  16  1:07  Overlord  
  16  1:26  Hatchery  
  16  1:32  Drone x2  
  17  1:48  Hatchery  
  16  1:55  Extractor  
  16  1:59  Extractor  
  14  2:10  Spawning Pool  
  13  2:17  Drone x3  
  16  2:33  Drone  
  17  2:38  Drone  
  18  2:51  Drone  
  19  2:59  Drone x2  
  19  3:04  Queen  
  23  3:06  Lair  
  23  3:12  Drone x4  
  27  3:15  Drone x2  
  29  3:20  Queen  
  31  3:46  Evolution Chamber  
  30  3:56  Pneumatized Carapace  
  30  4:04  Drone x3  
  33  4:12  Zerg Melee Weapons Level 1  
  33  4:13  Metabolic Boost  
  33  4:26  Drone  
  33  4:27  Extractor  
  33  4:29  Extractor  
  32  4:42  Queen  
  34  4:47  Zergling x2  
  34  4:48  Zergling x10  
  40  4:59  Infestation Pit  
  39  5:07  Spire  
  38  5:08  Overseer  
  38  5:20  Drone x4  
  42  5:23  Overlord x2  
  42  5:24  Overlord x2  
  42  5:25  Overlord  
  40  5:53  Drone x6  
  44  6:20  Mutalisk  
  44  6:21  Mutalisk x3  
  44  6:24  Hatchery  
  51  6:32  Extractor x2  
  49  6:56  Mutalisk  
  42  7:30  Mutalisk x2  
  28  7:53  Mutalisk  
  28  7:54  Mutalisk  
Show
View Real Time Build Order
Export as new Build Order

TATORREA Protoss 

Build Orders:  

Get SALT Encoding   

  12  0:01  Probe  
  13  0:18  Probe  
  14  0:26  Pylon  
  14  0:30  Probe  
  15  0:44  Probe  
  16  1:01  Gateway, Probe  
  17  1:04  Gateway  
  17  1:13  Probe  
  17  1:17  Assimilator  
  18  1:25  Probe  
  19  1:31  Assimilator  
  19  1:37  Probe  
  20  1:49  Probe  
  20  1:50  Pylon  
  21  2:01  Probe  
  21  2:02  Cybernetics Core  
  22  2:13  Pylon  
  22  2:27  Probe  
  23  2:33  Nexus  
  23  2:54  Gateway  
  23  2:55  Gateway  
  23  2:58  Gateway  
  23  2:59  Probe  
  23  3:04  Warp Gate  
  24  3:12  Probe  
  25  3:23  Twilight Council  
  25  3:29  Robotics Facility, Probe  
  26  3:41  Probe  
  26  3:47  Probe  
  28  3:53  Probe  
  29  3:59  Forge, Probe  
  29  4:01  Pylon  
  30  4:05  Charge  
  30  4:07  Probe  
  31  4:12  Probe  
  32  4:21  Probe  
  33  4:25  Warp Prism  
  33  4:28  Probe  
  36  4:31  Protoss Ground Weapons Level 1  
  36  4:37  Probe  
  37  4:40  Probe  
  38  4:49  Probe  
  38  4:52  Probe  
  40  4:54  Stalker x2  
  40  4:55  Stalker  
  40  4:59  Stalker  
  48  5:02  Stalker  
  48  6:09  Zealot x3  
  48  6:10  Zealot x2  
  46  6:51  Zealot x2  
  46  6:52  Zealot x3  
  42  7:18  Zealot  
  42  7:19  Zealot x2  
  42  7:21  Stalker x2  
Tags
 
Add a new tag
Caveats
  • Supply blocks, unpowered buildings, or Contaminate may cause inaccurate times.
  • Supply counts are checked every 10 seconds.